 Seeded DCSS version 0.28.0-53-g5a82cb258f (webtiles) character file.

Game seed: 16604929621183420662 (custom seed)

48496 Lambsauce the Impaler (level 14, 0/133 HPs)
             Began as a Minotaur Fighter on Apr 28, 2022.
             Slain by a red ugly thing (6 damage)
             ... on level 15 of the Dungeon on Oct 3, 2022.
             The game lasted 01:01:35 (13483 turns).

Lambsauce the Impaler (Minotaur Fighter)           Turns: 13483, Time: 01:01:36

Health: 0/133      AC: 22    Str: 27    XL:     14   Next: 12%
Magic:  3/11       EV: 13    Int:  5    God:
Gold:   1155       SH: 12    Dex:  9    Spells: 13/13 levels left

rFire   + . .      SeeInvis .   i - +9 demon trident (vamp)
rCold   . . .      Faith    .   x - +1 kite shield
rNeg    . . .      Spirit   .   s - +2 troll leather armour
rPois   +          Reflect  .   (helmet restricted)
rElec   .          Harm     .   u - +1 cloak {rPois}
rCorr   .          Rampage  .   g - +2 pair of gloves
Will    +....      Rage     1%  n - +0 pair of boots
Stlth   ++........              c - amulet "Lenlafeil" {rPois rF+ Regen+}
HPRegen 1.92/turn               y - +4 ring of protection
MPRegen 0.12/turn               p - +4 ring of protection

@: no status effects
A: horns 2, retaliatory headbutt, berserk 1, low MP 1, wild magic 1, MP-powered
wands
a: no special abilities


You were on level 15 of the Dungeon.
You visited 2 branches of the dungeon, and saw 16 of its levels.
You also visited: Sewer.

You collected 1155 gold pieces.

Inventory:

Hand Weapons
 i - a +9 vampiric demon trident (weapon)
 l - a +5 scimitar of holy wrath
 M - a +8 dagger of freezing
Missiles
 f - a throwing net
Armour
 g - a +2 pair of gloves (worn)
 n - a +0 pair of boots (worn)
 s - a +2 troll leather armour (worn)
 u - a +1 cloak of poison resistance (worn)
 x - a +1 kite shield (worn)
 B - a scarf of harm
Jewellery
 c - the amulet "Lenlafeil" (around neck) {rPois rF+ Regen+}
   (You found it on level 14 of the Dungeon)

   [amulet of regeneration]

   rF:        It protects you from fire.
   rPois:     It protects you from poison.
   Regen:     It increases your rate of health regeneration.
 k - a ring of flight
 p - a +4 ring of protection (right hand)
 y - a +4 ring of protection (left hand)
 F - a ring of positive energy
Wands
 a - a wand of acid (2)
 d - a wand of flame (24)
 C - a wand of digging (7)
 J - a wand of charming (5) (quivered)
Scrolls
 b - a scroll of summoning {unknown}
 j - 5 scrolls of teleportation
 m - 4 scrolls of blinking
 A - 4 scrolls of fog
 D - a scroll of fear
 E - 2 scrolls of vulnerability
 L - a scroll of immolation
 O - a scroll of noise
 W - a scroll of amnesia
Potions
 e - 5 potions of attraction
 h - a potion of brilliance
 o - 4 potions of flight
 q - 3 potions of degeneration
 r - a potion of magic
 z - 7 potions of curing
 G - 2 potions of haste
 T - a potion of ambrosia
 U - 2 potions of might
Miscellaneous
 Q - a tin of tremorstones (1/2)


   Skills:
 + Level 14.3 Fighting
 + Level 5.1(12.7) Axes
 + Level 17.8(18.1) Polearms
 + Level 0.2 Throwing
 + Level 8.8 Armour
 + Level 10.8 Dodging
 + Level 3.2 Stealth
 + Level 11.1 Shields
 + Level 2.9 Evocations


You had 13 spell levels left.
You didn't know any spells.
Your spell library contained the following spells:

 Spells                   Type           Power      Damage    Failure   Level
 Freeze                   Ice            0%         1d3       83%         1
 Corpse Rot               Necr/Air       0%         N/A       92%         2
 Poisonous Vapours        Pois/Air       0%         N/A       92%         2
 Static Discharge         Conj/Air       0%         N/A       92%         2
 Conjure Flame            Conj/Fire      0%         6-21      99%         3
 Frozen Ramparts          Ice            0%         1d2       99%         3
 Ignite Poison            Fire/Tmut/Pois 0%         N/A       99%         3
 Stone Arrow              Conj/Erth      0%         3d7       99%         3
 Animate Armour           Summ/Erth      0%         N/A       100%        4
 Dispel Undead            Necr           0%         3d6       100%        4
 Hailstorm                Conj/Ice       0%         3d3       100%        4
 Sticky Flame             Conj/Fire      0%         2d3       100%        4
 Lehudib's Crystal Spear  Conj/Erth      0%         10d2      100%        8


Dungeon Overview and Level Annotations

Branches:
Dungeon (15/15)            Temple (0/1) D:7            Lair (0/6) D:9
    Orc (0/2) D:11         Vaults (0/5) D:13         Depths (1/4) D:15
  Sewer (visited)

Altars:
Elyvilon
Gozag
Kikubaaqudgha
Makhleb
Nemelex Xobeh
Okawaru
Qazlal
The Shining One

Shops:
D:15 !


Innate Abilities, Weirdness & Mutations

You have a pair of horns on your head.
You reflexively headbutt those who attack you in melee.
You tend to lose your temper in combat.
Your magical capacity is low. (-10% MP)
Your spells are a little harder to cast, but a little more powerful.
You expend magic power (3 MP) to strengthen your wands.


Message History

You headbutt the red ugly thing. You block the stone giant's attack.
The red ugly thing trunk-slaps you but does no damage.
The red ugly thing barely misses you.
An iron troll comes into view.
The iron troll bites you but does no damage.
The iron troll claws you!
The iron troll claws you but does no damage.
You can't go down here!
The red ugly thing engulfs you.
You are engulfed in flames!
You resist.
The red ugly thing kicks you but does no damage.
The red ugly thing punches you but does no damage.
You block the red ugly thing's attack. The stone giant hits you!!
* * * LOW HITPOINT WARNING * * *
The red ugly thing barely misses you. The deep troll earth mage bites you.
* * * LOW HITPOINT WARNING * * *
The deep troll earth mage claws you.
* * * LOW HITPOINT WARNING * * *
The deep troll earth mage misses you.
You climb upwards.
Welcome back to the Dungeon!
There is a staircase to the Depths here.
You feel better.
The red ugly thing basks in the mutagenic energy from its kin and changes!
The red ugly thing kicks you but does no damage.
You block the iron troll's attack.
The iron troll claws you but does no damage.
You block the iron troll's attack.
The red ugly thing basks in the mutagenic energy from its kin and changes!
The red ugly thing trunk-slaps you but does no damage.
The stone giant hits you but does no damage.
The red ugly thing engulfs you but does no damage.
The deep troll earth mage bites you but does no damage.
The deep troll earth mage claws you!
* * * LOW HITPOINT WARNING * * *
The deep troll earth mage claws you but does no damage.
You impale the red ugly thing!!
The red ugly thing is almost dead.
The red ugly thing kicks you!
* * * LOW HITPOINT WARNING * * *
You are engulfed in flames.
You resist.
You die...

..........#
#≈≈...≈≈#
#...^.....#
#≈..#..≈#
#.........#
#.#.#.#.#
#.........#
#.≈.≈.≈.#
#.........#
#.≈...≈.#
#.........#
#^≈...≈.#
###########
#.##'##.#
#.#uuu#)#
#.#C@u#.#
#.(TuT'.#
#########


You could see an iron troll, a stone giant, 5 ugly things and a deep troll earth
mage.

Vanquished Creatures
  A stone giant (D:15)
  Azrael (D:15)
  The ghost of Lambsauce the Carver, a journeyman MiFi (D:12)
  Snorg (D:10)
  4 vault guards (D:13)
  A catoblepas (D:13)
  A rakshasa (D:14)
  2 hydras
  4 boulder beetles
  4 two-headed ogres
  4 centaur warriors
  5 tengu warriors
  Urug (D:13)
  The ghost of thiscave3701365 the Cleaver, a novice HOBe of Trog (D:8)
  2 phantasmal warriors (D:12)
  An orc knight (D:15)
  Pikel (D:8)
  2 deep elf pyromancers
  12 ugly things
  An orc sorcerer (D:15)
  7 cyclopes
  4 manticores
  A gargoyle (D:11)
  Psyche (D:10)
  A kobold demonologist (D:13)
  A yaktaur (shapeshifter) (D:14)
  2 tengu conjurers (D:14)
  A komodo dragon (D:13)
  An efreet (D:14)
  4 freezing wraiths (D:12)
  5 trolls
  3 slime creatures (D:14)
  A centaur simulacrum (D:14)
  A water elemental (D:15)
  3 wyverns
  6 wraiths
  A human (shapeshifter) (D:15)
  7 humans (D:13)
  2 fire elementals (D:15)
  15 yaks
  Grum (D:8)
  12 vampire mosquitoes
  Menkaure (D:4)
  A warg (D:15)
  6 hell hounds (D:15)
  A water moccasin (D:7)
  A hornet zombie (D:8)
  4 orc warriors
  A black bear (D:6)
  A sky beast (D:8)
  A necrophage (D:7)
  3 wolves (D:8)
  2 ogres (D:4)
  26 centaurs
  3 kobold brigands
  A wyvern zombie (D:8)
  3 bullfrogs
  A gnoll sergeant (D:11)
  4 killer bees (D:8)
  11 wights
  An electric eel (D:15)
  7 howler monkeys
  4 centaur zombies
  3 hounds
  A jelly (D:8)
  3 centaur skeletons
  8 orc priests
  Crazy Yiuf (D:4)
  A gnoll shaman (D:7)
  2 iguanas (D:6)
  Ijyb (D:4)
  Natasha (thrice) (D:2)
  15 orc wizards
  A killer bee zombie (D:6)
  A hound skeleton (D:4)
  A howler monkey zombie (D:7)
  9 gnolls
  5 adders
  3 river rats
  4 ufetubi
  An adder skeleton (D:5)
  59 orcs
  8 ball pythons
  3 bats
  5 endoplasms
  5 giant cockroaches
  5 goblins
  3 hobgoblins (D:4)
  12 kobolds
  11 frilled lizards
  17 rats
404 creatures vanquished.

Vanquished Creatures (others)
  A vault guard (D:13)
  An unseen horror (D:8)
  An orc wizard (D:4)
  6 plants (D:2)
9 creatures vanquished.

Grand Total: 413 creatures vanquished

Notes
Turn   | Place    | Note
-------+----------+-------------------------------------------
     0 | D:1      | Lambsauce the Minotaur Fighter began the quest for the Orb.
     0 | D:1      | Reached XP level 1. HP: 19/19 MP: 0/0
    84 | D:1      | Found a faded altar of an unknown god.
   352 | D:1      | Reached XP level 2. HP: 27/27 MP: 1/1
  1089 | D:2      | Noticed Natasha
  1105 | D:2      | Killed Natasha
  1106 | D:2      | Reached XP level 3. HP: 11/33 MP: 2/2
  1627 | D:2      | Noticed Natasha
  1634 | D:2      | Killed Natasha
  1635 | D:2      | Reached XP level 4. HP: 38/40 MP: 3/3
  1770 | D:2      | Noticed Natasha
  1776 | D:2      | Killed Natasha
  2139 | D:3      | Found an opulent altar of Gozag.
  2150 | D:3      | Found a glowing drain.
  2257 | D:3      | Found an ancient bone altar of Kikubaaqudgha.
  2292 | Sewer    | Entered a sewer
  2332 | Sewer    | Reached XP level 5. HP: 47/47 MP: 4/4
  2338 | Sewer    | Reached skill level 5 in Armour
  2684 | D:3      | Identified a scroll of acquirement
  2691 | D:3      | Acquired a +2 vampiric demon trident
  2763 | D:3      | Found a burning altar of Makhleb.
  2763 | D:3      | Found a sparkling altar of Nemelex Xobeh.
  2785 | D:3      | Reached skill level 5 in Axes
  3092 | D:4      | Reached skill level 1 in Polearms
  3127 | D:4      | Reached XP level 6. HP: 53/53 MP: 5/5
  3128 | D:4      | Noticed Menkaure
  3129 | D:4      | Noticed Ijyb
  3151 | D:4      | Reached skill level 2 in Polearms
  3155 | D:4      | Killed Menkaure
  3156 | D:4      | Reached skill level 3 in Polearms
  3156 | D:4      | Reached skill level 1 in Dodging
  3156 | D:4      | Killed Ijyb
  3445 | D:4      | Reached skill level 4 in Polearms
  3445 | D:4      | Reached XP level 7. HP: 60/60 MP: 6/6
  3447 | D:4      | Reached skill level 5 in Fighting
  3520 | D:4      | Found a runed translucent door.
  3521 | D:4      | Noticed Crazy Yiuf
  3753 | D:4      | Killed Crazy Yiuf
  3839 | D:5      | Entered Level 5 of the Dungeon
  3874 | D:5      | Reached skill level 5 in Polearms
  4007 | D:5      | Found a glowing golden altar of the Shining One.
  4103 | D:5      | Gained mutation: You are clumsy. (Dex -2) [potion of
                  | mutation]
  4103 | D:5      | Gained mutation: Your magical capacity is low. (-10% MP)
                  | [potion of mutation]
  4103 | D:5      | Gained mutation: You expend magic power (3 MP) to
                  | strengthen your wands. [potion of mutation]
  4103 | D:5      | Gained mutation: You have sharp fingernails. [potion of
                  | mutation]
  4311 | D:6      | Reached skill level 6 in Polearms
  4395 | D:6      | Reached XP level 8. HP: 68/69 MP: 6/6
  4562 | D:6      | Reached skill level 7 in Polearms
  5156 | D:7      | Reached skill level 8 in Polearms
  5210 | D:7      | Found a white marble altar of Elyvilon.
  5337 | D:7      | Found a staircase to the Ecumenical Temple.
  5348 | D:7      | Reached skill level 9 in Polearms
  5348 | D:7      | Reached skill level 5 in Shields
  5735 | D:8      | Noticed a troll
  5747 | D:8      | Reached XP level 9. HP: 75/78 MP: 7/7
  5762 | D:8      | Killed a troll
  5763 | D:8      | Reached skill level 10 in Polearms
  5856 | D:8      | Noticed Pikel
  5878 | D:8      | Killed Pikel
  5879 | D:8      | Reached skill level 11 in Polearms
  5956 | D:8      | Found a stormy altar of Qazlal.
  6040 | D:8      | Found a transporter.
  6040 | D:8      | Noticed thiscave3701365's ghost (novice HOBe)
  6044 | D:8      | Noticed a cyclops
  6054 | D:8      | Found a transporter.
  6174 | D:8      | Killed an unseen horror
  6202 | D:8      | Lost mutation: You are clumsy. (Dex -2) [potion of
                  | mutation]
  6202 | D:8      | Lost mutation: You have sharp fingernails. [potion of
                  | mutation]
  6202 | D:8      | Gained mutation: Your spells are a little harder to cast,
                  | but a little more powerful. [potion of mutation]
  6202 | D:8      | Gained mutation: You tend to lose your temper in combat.
                  | [potion of mutation]
  6213 | D:8      | Reached skill level 12 in Polearms
  6402 | D:8      | Noticed Grum
  6425 | D:8      | Killed Grum
  6426 | D:8      | Reached XP level 10. HP: 76/86 MP: 8/8
  6823 | D:8      | Killed a cyclops
  6840 | D:8      | Killed thiscave3701365's ghost
  6841 | D:8      | Reached skill level 13 in Polearms
  6841 | D:8      | Reached skill level 5 in Dodging
  6985 | D:9      | Noticed a brown ugly thing
  7001 | D:9      | Killed a brown ugly thing
  7012 | D:9      | Reached skill level 1 in Stealth
  7123 | D:9      | Found a staircase to the Lair.
  7238 | D:9      | Identified the +0 leather armour "Ichoc" {rCorr Dex+4}
  7367 | D:9      | Reached XP level 11. HP: 95/95 MP: 8/8
  7370 | D:9      | Reached skill level 14 in Polearms
  7525 | D:9      | Identified the +2 hunting sling of Zin's Castigation
                  | {vorpal, rElec rF++}
  7587 | D:10     | Entered Level 10 of the Dungeon
  7728 | D:10     | Noticed a centaur warrior
  7808 | D:10     | Noticed a two-headed ogre
  7814 | D:10     | Killed a two-headed ogre
  7815 | D:10     | Noticed Snorg
  7830 | D:10     | Killed Snorg
  8027 | D:10     | Killed a centaur warrior
  8200 | D:10     | Noticed a two-headed ogre
  8208 | D:10     | Killed a two-headed ogre
  8209 | D:10     | Reached skill level 10 in Fighting
  8209 | D:10     | Reached skill level 15 in Polearms
  8210 | D:10     | Noticed a two-headed ogre
  8240 | D:10     | Killed a two-headed ogre
  8375 | D:10     | Noticed Psyche
  8377 | D:10     | Killed Psyche
  8743 | D:11     | You fall into a shaft and drop 1 floor!
  8809 | D:12     | Reached XP level 12. HP: 55/108 MP: 9/9
  8955 | D:12     | Noticed a boulder beetle
  8956 | D:12     | Found a runed translucent gate.
  8956 | D:12     | Found a runed translucent gate.
  8956 | D:12     | Found a runed translucent gate.
  8978 | D:12     | Killed a boulder beetle
  8981 | D:12     | Noticed Lambsauce's ghost (journeyman MiFi)
  9014 | D:12     | Noticed an eight-headed hydra
  9020 | D:12     | Killed an eight-headed hydra
  9164 | D:11     | Found a staircase to the Orcish Mines.
 10275 | D:12     | Reached skill level 16 in Polearms
 10317 | D:12     | Reached skill level 1 in Evocations
 10527 | D:12     | Killed Lambsauce's ghost
 10601 | D:13     | Noticed a centaur warrior
 10608 | D:13     | Noticed Urug
 10608 | D:13     | Noticed a boulder beetle
 10635 | D:13     | Killed Urug
 10651 | D:13     | Killed a boulder beetle
 10664 | D:13     | Killed a vault guard
 10712 | D:13     | Killed a centaur warrior
 11099 | D:13     | Noticed a seven-headed hydra
 11109 | D:13     | Killed a seven-headed hydra
 11139 | D:13     | Noticed a catoblepas
 11158 | D:13     | Killed a catoblepas
 11159 | D:13     | Reached XP level 13. HP: 83/119 MP: 10/10
 11365 | D:13     | Reached skill level 17 in Polearms
 11408 | D:13     | Found a gate to the Vaults.
 11598 | D:14     | Upgraded the game from 0.28.0-47-ge53b351184 to
                  | 0.28.0-53-g5a82cb258f
 11741 | D:14     | Identified the amulet "Lenlafeil" {rPois rF+ Regen+}
 11879 | D:14     | Found a sparkling altar of Nemelex Xobeh.
 11986 | D:14     | Reached skill level 10 in Dodging
 12190 | D:14     | Reached skill level 10 in Shields
 12405 | D:15     | Entered Level 15 of the Dungeon
 12566 | D:15     | Noticed Azrael
 12591 | D:15     | Killed Azrael
 12971 | D:15     | Found Noekagod's Distillery.
 13056 | D:15     | Found an iron altar of Okawaru.
 13095 | D:15     | Reached XP level 14. HP: 132/132 MP: 11/11
 13206 | D:15     | Found a staircase to the Depths.
 13206 | D:15     | Noticed a stone giant
 13218 | D:15     | Killed a stone giant
 13466 | Depths:1 | Entered Level 1 of the Depths
 13466 | Depths:1 | Noticed a stone giant
 13483 | D:15     | HP: 6/133 [red ugly thing (11)]
 13483 | D:15     | Slain by a red ugly thing

Illustrated notes

Levels and vault maps discovered:
D:1:      saegor_arrival_simple_e, layout_loops_cross,
          dreamdust_ecumenical_altar_hidden_monk_grotto,
          amcnicky_mini_rare_corridor_liquid, st_stairs_13,
          minmay_split_cup_small
D:2:      layout_loops_ring, serial_forest, infiniplex_forest_clump_cross,
          infiniplex_forest_lined_1, infiniplex_forest_straight_3,
          infiniplex_forest_clump_C, infiniplex_forest_clump_curved,
          infiniplex_forest_clump_large, infiniplex_forest_end_2,
          chequers_decorated_corner, uniq_natasha
D:3:      layout_rooms, nicolae_overflow_hidden_temple,
          gammafunk_temple_overflow_elements, overflow_temple_1_default,
          cheibrodos_sewer_entry_sluice
D:4:      layout_cave_pools, uniq_crazy_yiuf_cottage, uniq_menkaure, uniq_ijyb
D:5:      layout_basic, amcnicky_altar_gilded
D:6:      minmay_general_purpose_star, layout_loops_ring,
          kennysheep_generic_room_8
D:7:      layout_basic, elyvilon_altar_5, minmay_temple_entry_drinking_statues,
          serial_park_tiny_1, lemuel_flamethrower_1
D:8:      wander_river, layout_basic, overflow_temple_1_default,
          gammafunk_ghost_arena, minmay_joined_circles, uniq_grum, uniq_pikel
D:9:      layout_rooms
D:10:     layout_basic, uniq_psyche, uniq_snorg
D:11:     layout_stronghold, hiddenorc1_lemuel, gauntlet_entry_generic,
          minmay_misc_feat_room
D:12:     layout_cave_pools, gammafunk_ghost_spectres
D:13:     layout_cave_pools, ximxim_vaults_locker_room, uniq_urug
D:14:     layout_gridville, kennysheep_nub, serial_rivers,
          chequers_serial_rivers_marsh, chequers_serial_rivers_small_3,
          chequers_serial_rivers_micro_a, chequers_serial_rivers_marsh,
          chequers_serial_rivers_micro_a, nemelex_lonely_heart_becter
D:15:     grunt_enter_depths_snipers, layout_basic, chequers_avenue,
          serial_shops, nicolae_shop_behind_doors, okawaru_ov_weapons_minmay,
          uniq_azrael
Depths:1: layout_cave_pools, grunt_mini_vestibule, abyss_entry,
          doesnt_xom_only_xom, grunt_gozag_breadcrumbs

Skill      XL: |  1  2  3  4  5  6  7  8  9 10 11 12 13 |
---------------+----------------------------------------+-----
Armour         | 4 5 6 7 8 |  8.8
Fighting       | 4 5 6 7 8 10 12 14 | 14.3
Axes           | 3 4 5 |  5.1
Shields        | 4 5 6 7 8 11 | 11.1
Polearms       | 1 4 6 9 12 13 15 16 17 | 17.8
Dodging        | 1 2 3 6 7 9 10 | 10.8
Stealth        | 1 2 3 |  3.2
Evocations     | 1 2 |  2.9
Throwing       | |  0.2

Action                   |  1- 3 |  4- 6 |  7- 9 | 10-12 | 13-15 || total
-------------------------+-------+-------+-------+-------+-------++-------
Melee: War axe           |    41 |    90 |       |       |       ||   131
       Headbutt          |     8 |    14 |    43 |   125 |    58 ||   248
       Demon trident     |       |    68 |   281 |   627 |   319 ||  1295
Throw: Throwing net      |       |       |       |     1 |       ||     1
Evoke: Tin of tremorston |       |       |       |     2 |     2 ||     4
       Wand              |       |       |       |     6 |    21 ||    27
  Use: Scroll            |     3 |     8 |     7 |    13 |     7 ||    38
       Potion            |     2 |     5 |     5 |     3 |     2 ||    17
 Stab: Sleeping          |       |       |       |     1 |     1 ||     2
Armor: Scale mail        |    18 |    88 |    88 |       |       ||   194
       Troll leather arm |       |       |    26 |   275 |    93 ||   394
Dodge: Dodged            |    17 |    64 |   103 |   291 |   108 ||   583
Block: Buckler           |     7 |    42 |    40 |   138 |    16 ||   243
       Kite shield       |       |       |       |       |   104 ||   104
